 Dungeon Crawl Stone Soup version 0.28-a0-8-g6e044cfa68 (webtiles) character file.

Game seed: 10162759457611859281

12 Sin92 the Covered (level 2, -2/24 HPs)
             Began as a Demonspawn Fighter on July 23, 2021.
             Slain by a gnoll (4 damage)
             ... on level 2 of the Dungeon.
             The game lasted 00:02:14 (772 turns).

Sin92 the Covered (Demonspawn Fighter)               Turns: 772, Time: 00:02:15

Health: -2/24      AC:  6    Str: 15 (16) XL:     2   Next: 20%
Magic:  2/2        EV:  6    Int:  7 (9)  God:
Gold:   33         SH: 12    Dex: 11 (12) Spells: 1/1 levels left

rFire   . . .      SeeInvis .   a - +0 long sword
rCold   . . .      Faith    .   c - +0 kite shield
rNeg    . . .      Spirit   .   b - +0 scale mail
rPois   .          Reflect  .   (no helmet)
rElec   .          Harm     .   (no cloak)
rCorr   .          Rampage  .   (no gloves)
Will    .....                   (no boots)
Stlth   ..........              (no amulet)
HPRegen 0.08/turn               (no ring)
MPRegen 0.08/turn               (no ring)

@: mighty
A: condensation shield
a: no special abilities


You were on level 2 of the Dungeon.
You visited 1 branch of the dungeon, and saw 2 of its levels.

You collected 33 gold pieces.

Inventory:

Hand Weapons
 a - a +0 long sword (weapon)
Armour
 b - a +0 scale mail (worn)
 c - a +0 kite shield (worn)
Scrolls
 e - 2 scrolls of teleportation


   Skills:
 + Level 3.0 Fighting
 + Level 1.9 Long Blades
 + Level 3.1 Armour
 + Level 2.8 Shields


You had one spell level left.
You didn't know any spells.
Your spell library contained the following spells:

 Spells                   Type           Power      Damage    Failure   Level
 Animate Skeleton         Necr           0%         N/A       100%        1
 Apportation              Tloc           0%         N/A       100%        1
 Corona                   Hex            0%         N/A       100%        1
 Summon Small Mammal      Summ           0%         N/A       100%        1


Dungeon Overview and Level Annotations

Branches:
Dungeon (2/15)

Altars:

Annotations:
D:2 Terence


Innate Abilities, Weirdness & Mutations

A meltable shield of frost defends you. (SH +4)


Message History

Terence moves out of view.
The gnoll moves out of view.
Unknown command.
It was a potion of degeneration.
There was something very wrong with that liquid.
You feel weakened.
You feel dopey.
You feel clumsy.
The gnoll shouts!
The adder bites you.
You barely miss the adder. You block the adder's attack.
A gnoll comes into view. It is wielding a +0 spear.
The adder bites you.
You are poisoned.
The adder poisons you!
You hit the adder.
The adder is heavily wounded.
You feel very sick. The adder bites you but does no damage.
The gnoll hits you from afar with a +0 spear.
The gnoll hits you but does no damage. You block the adder's attack.
The gnoll hits you with a +0 club. The gnoll closely misses you.
You feel very mighty all of a sudden.
You feel sick. You block the adder's attack.
The gnoll hits you from afar with a +0 spear.
The gnoll closely misses you. You block the adder's attack.
You hit the adder.
The adder is almost dead.
You feel sick.
A kobold comes into view. It is wielding a +0 whip.
The adder closely misses you. You block the gnoll's attack.
The gnoll hits you but does no damage. x2; You block the adder's attack.
The gnoll hits you from afar with a +0 spear.
* * * LOW HITPOINT WARNING * * *
The kobold shouts!
You slash the adder!
You kill the adder!
* * * LOW HITPOINT WARNING * * *
You feel sick.
You are no longer poisoned.
You block the gnoll's attack. x2
The gnoll hits you from afar with a +0 spear.
You die...

######
#.gg.#
#@#
#†.g.....
#..#.#...
.... ..
...## ##
....#
#####


You could see 3 gnolls.

Vanquished Creatures
  An adder (D:2)
  A dart slug (D:1)
  A bat (D:1)
  An endoplasm (D:1)
  A giant cockroach (D:1)
  A goblin (D:1)
  A hobgoblin (D:1)
  A quokka (D:1)
  A kobold (D:1)
  A rat (D:1)
10 creatures vanquished.

Notes
Turn   | Place    | Note
-------+----------+-------------------------------------------
     0 | D:1      | Sin92 the Demonspawn Fighter began the quest for the Orb.
     0 | D:1      | Reached XP level 1. HP: 18/18 MP: 1/1
   437 | D:1      | Gained mutation: A meltable shield of frost defends you.
                  | (SH +4) [demonic ancestry]
   437 | D:1      | Reached XP level 2. HP: 13/24 MP: 2/2
   766 | D:2      | Noticed Terence
   772 | D:2      | Slain by a gnoll

Illustrated notes

Levels and vault maps discovered:
D:1:      minmay_arrival_five_plusses, layout_rooms, st_stairs_6
D:2:      layout_loops_ring, dreamdust_ecumenical_altar_statues, uniq_terence

Skill      XL: |  1 |
---------------+----+-----
Armour         | 3 |  3.1
Fighting       | |  3.0
Long Blades    | |  1.9
Shields        | |  2.8

Action                   || total
-------------------------++-------
Melee: Long sword        ||    35
  Use: Scroll            ||     2
       Potion            ||     2
Armor: Scale mail        ||    18
Dodge: Dodged            ||    11
Block: Kite shield       ||    27
       Rpst.: Long sword ||     3

Table legend: (Time is in decaauts)
 A = Elapsed time spent in this place.
 B = Non-inter-level travel time spent in this place.
 C = Inter-level travel time spent in this place.
 D = Time resting spent in this place.
 E = Time spent auto-exploring this place.
 F = Levels seen in this place.
 G = Mean time per level.
                   A        B        C        D        E       F      G
               +--------+--------+--------+--------+--------+-----+--------+
         Total |    790 |    765 |     25 |    131 |    540 |   2 |  395.0 |
       Dungeon |    790 |    765 |     25 |    131 |    540 |   2 |  395.0 |
               +--------+--------+--------+--------+--------+-----+--------+

Top non-repeatable levels by time:
     D:1: 780 daAuts
     D:2: 10 daAuts
